 Dungeon Crawl Stone Soup version 0.30.0-13-g156ef70053 (webtiles) character file.

Game seed: 730122398578957101

12817 Persephone the Marksminotaur (level 11, -3/90 HPs)
             Began as a Minotaur Hunter on May 17, 2023.
             Was an Elder of Hepliaklqana.
             Slain by a two-headed ogre
             ... wielding a +0 giant club
              (16 damage)
             ... on level 11 of the Dungeon.
             The game lasted 00:20:51 (7979 turns).

Persephone the Marksminotaur (Minotaur Hunter)      Turns: 7979, Time: 00:20:52

Health: -3/90      AC: 10    Str: 16    XL:     11   Next: 67%
Magic:  12/12      EV: 14    Int:  6    God:    Hepliaklqana [****..]
Gold:   646        SH:  0    Dex: 18    Spells: 10/10 levels left

rFire   + . .        H - +1 longbow
rCold   . . .        (shield currently unavailable)
rNeg    . . .        a - +0 troll leather armour
rPois   .            (helmet restricted)
rElec   .            c - +2 cloak {rCorr}
rCorr   +            M - +1 pair of gloves
SInv    .            I - +0 pair of boots
Will    +....        n - amulet "Dagyocs" {RegenMP Regen+}
Stlth   ++           G - ring of protection from fire
HPRegen 1.95/turn    L - ring of willpower
MPRegen 0.53/turn

%: no passive effects
@: no status effects
A: reduced essence, horns 2, retaliatory headbutt
a: Renounce Religion, Recall Ancestor, Ancestor Identity, Transference, Idealise


You were on level 11 of the Dungeon.
You worshipped Hepliaklqana.
Hepliaklqana was greatly pleased with you.
You visited 1 branch of the dungeon, and saw 11 of its levels.

You collected 646 gold pieces.

Inventory:

Hand Weapons
 H - a +1 longbow (weapon)
Armour
 a - a +0 troll leather armour (worn)
 c - a +2 cloak of preservation (worn)
 D - +0 steam dragon scales
 I - a +0 pair of boots (worn)
 M - a +1 pair of gloves (worn)
Jewellery
 f - a ring of flight
 n - the amulet "Dagyocs" (around neck) {RegenMP Regen+}
   (You found it on level 2 of the Dungeon)

   [amulet of magic regeneration]

   It increases your rate of magic regeneration.
   Regen:     It increases your rate of health regeneration.
 y - a +6 ring of strength
 G - a ring of protection from fire (left hand)
 J - an amulet of guardian spirit
 L - a ring of willpower (right hand)
Wands
 g - a wand of acid (5)
 j - a wand of digging (4)
 q - a wand of flame (12)
 t - a wand of iceblast (13)
Scrolls
 b - 5 scrolls of immolation
 e - 3 scrolls of teleportation
 s - a scroll of blinking
 x - 3 scrolls of fog
 A - a scroll of magic mapping
 B - 2 scrolls of enchant armour
 F - 2 scrolls of identify
 K - a scroll of summoning
Potions
 d - 2 potions of haste
 h - a potion of cancellation
 i - 5 potions of berserk rage
 k - 2 potions of might
 l - a potion of lignification
 m - 4 potions of heal wounds {unknown}
 o - 2 potions of degeneration {unknown}
 p - 3 potions of resistance
 r - 2 potions of brilliance {unknown}
 u - 2 potions of ambrosia {unknown}
 v - 3 potions of attraction {unknown}
 w - 5 potions of curing
 z - 2 potions of mutation {unknown}
 C - 2 potions of flight {unknown}
Miscellaneous
 E - a lightning rod (4/4)


   Skills:
 + Level 10.5 Fighting
 * Level 17.1 Ranged Weapons
 - Level 4.5 Dodging
 - Level 3.2 Stealth
 - Level 3.5 Invocations


You had 10 spell levels left.
You didn't know any spells.
Your spell library contained the following spells:

 Spells                   Type           Power      Damage    Failure   Level
 Sandblast                Erth           0%         2d4       52%         1
 Passwall                 Tmut/Erth      0%         N/A       67%         2
 Dazzling Flash           Conj/Hex       0%         N/A       88%         3
 Ozocubu's Armour         Ice            0%         N/A       88%         3
 Stone Arrow              Conj/Erth      0%         3d7       88%         3
 Agony                    Necr           0%         N/A       100%        5
 Borgnjor's Vile Clutch   Necr/Erth      0%         N/A       100%        5
 Lee's Rapid Deconstruct  Erth           0%         3d4*      100%        5
 Metabolic Englaciation   Hex/Ice        0%         N/A       100%        5
 Silence                  Hex/Air        0%         N/A       100%        5
 Simulacrum               Ice/Necr       0%         N/A       100%        6


Dungeon Overview and Level Annotations

Branches:
Dungeon (11/15)            Temple (0/1) D:4            Lair (0/5) D:10
    Orc (0/2) D:9

Altars:
Ashenzari
Cheibriados
Hepliaklqana
Ru
Trog

Shops:
D:9 *


Innate Abilities, Weirdness & Mutations

Your life essence is reduced to manifest your ancestor. (-10% HP)
You have a pair of horns on your head.
You reflexively headbutt those who attack you in melee.


Message History

You furiously retaliate!
You headbutt the two-headed ogre. The two-headed ogre closely misses you.
You shoot an arrow. The arrow hits the yak!
You kill the yak!
You shoot an arrow. The arrow hits the two-headed ogre.
The two-headed ogre is heavily wounded.
The two-headed ogre hits you with a +0 giant club!
The two-headed ogre hits you with a +0 giant spiked club!!
You are too injured to fight recklessly!
You are too injured to fight recklessly!
You are too injured to fight recklessly!
Fire: H) +1 longbow
Press: ? - help, Shift-Dir - straight line, f/p - two-headed ogre
Aim: a two-headed ogre, wielding a +0 giant club and a +0 giant spiked club (heavily wounded, 82% to hit)
You shoot an arrow. The arrow hits the two-headed ogre.
The two-headed ogre is heavily wounded.
Fire: H) +1 longbow
Press: ? - help, Shift-Dir - straight line, f/p - two-headed ogre
Aim: a two-headed ogre, wielding a +0 giant club and a +0 giant spiked club (heavily wounded, 82% to hit)
You shoot an arrow.
The arrow barely misses the two-headed ogre.
The arrow barely misses the gargoyle.
The two-headed ogre hits you with a +0 giant club!!
* * * LOW HITPOINT WARNING * * *
The two-headed ogre misses you.
Fire: H) +1 longbow
Press: ? - help, Shift-Dir - straight line, f/p - two-headed ogre
Aim: a two-headed ogre, wielding a +0 giant club and a +0 giant spiked club (heavily wounded, 82% to hit)
You shoot an arrow. The arrow hits the two-headed ogre!
The two-headed ogre is severely wounded.
Fire: H) +1 longbow
Press: ? - help, Shift-Dir - straight line, f/p - two-headed ogre
Aim: a two-headed ogre, wielding a +0 giant club and a +0 giant spiked club (severely wounded, 82% to hit)
You shoot an arrow.
The arrow barely misses the two-headed ogre.
The arrow hits the gargoyle.
The gargoyle is moderately damaged.
The two-headed ogre completely misses you.
The two-headed ogre hits you with a +0 giant spiked club!
You die...

#..Y.. #....9 #.....
#..... ..... ... #9###
#YO†# ######@####
#.........#####+#######
#...........(..........
#.........#............
#.........##...........
#........?##...........
#.........##...........
######.#####....(......
#.# ##########'#


You could see a two-headed ogre, a yak and a gargoyle.

Vanquished Creatures
  A hydra (D:8)
  A centaur warrior (D:9)
  2 two-headed ogres
  An ugly thing (D:8)
  A cyclops (D:11)
  A komodo dragon (D:10)
  A tengu conjurer (D:9)
  3 trolls
  2 shadows
  2 wyverns
  2 steam dragons (D:7)
  6 vampire mosquitoes (D:11)
  8 yaks
  3 black bears
  3 orc warriors
  A sky beast (D:6)
  2 ice beasts
  5 ogres
  3 centaurs
  2 kobold brigands
  4 bullfrogs
  A gnoll sergeant (D:10)
  2 scorpions
  7 wights
  5 killer bees (D:9)
  3 hounds
  4 orc priests
  An iguana (D:5)
  7 orc wizards
  3 gnolls (D:10)
  6 adders
  2 white imps
  An ufetubus (D:4)
  2 worms
  4 dart slugs
  25 orcs
  7 ball pythons
  7 bats
  13 endoplasms
  6 giant cockroaches
  7 hobgoblins
  4 jackals (D:1)
  9 kobolds
  A quokka (D:3)
  3 frilled lizards
  11 goblins
  3 rats
198 creatures vanquished.

Vanquished Creatures (collateral kills)
  A death yak (D:10)
  An ugly thing (D:8)
  A gargoyle (D:8)
  A wraith (D:9)
  A vampire mosquito (D:11)
  A water moccasin (D:5)
  An acid dragon (D:11)
  A sky beast (D:8)
  3 orc warriors
  A phantom (D:5)
  2 scorpions
  3 wights (D:7)
  A killer bee (D:9)
  An orc priest (D:11)
  2 gnolls (D:10)
  6 adders
  A shadow imp (D:5)
  An ufetubus (D:6)
  6 orcs
  5 kobolds
40 creatures vanquished.

Vanquished Creatures (others)
  An orc wizard (D:9)
  6 knights
  3 ancestors
10 creatures vanquished.

Grand Total: 248 creatures vanquished

Notes
Turn   | Place    | Note
-------+----------+-------------------------------------------
     0 | D:1      | Persephone the Minotaur Hunter began the quest for the Orb.
     0 | D:1      | Reached XP level 1. HP: 18/18 MP: 0/0
   201 | D:1      | Reached skill level 1 in Stealth
   216 | D:1      | Reached XP level 2. HP: 25/25 MP: 1/1
   845 | D:2      | Reached XP level 3. HP: 31/31 MP: 2/2
  1286 | D:3      | Reached XP level 4. HP: 38/38 MP: 3/3
  1399 | D:2      | Identified the amulet "Dagyocs" {RegenMP Regen+}
  1811 | D:3      | Reached skill level 5 in Ranged Weapons
  2103 | D:3      | Found a bloodstained altar of Trog.
  2168 | D:3      | Found a hazy altar of Hepliaklqana.
  2247 | D:3      | Became a worshipper of Hepliaklqana the Forgotten
  2502 | D:4      | Found a staircase to the Ecumenical Temple.
  2613 | D:4      | Noticed an ogre
  2623 | D:4      | Killed an ogre
  2624 | D:4      | Reached XP level 5. HP: 15/46 MP: 4/4
  2785 | D:4      | Reached * piety under Hepliaklqana
  2964 | D:4      | Reached XP level 6. HP: 47/47 MP: 5/5
  3273 | D:5      | Entered Level 5 of the Dungeon
  3273 | D:5      | Noticed an ice beast
  3280 | D:5      | Killed an ice beast
  3309 | D:5      | Reached skill level 5 in Fighting
  3309 | D:5      | Reached skill level 6 in Ranged Weapons
  3309 | D:5      | Reached XP level 7. HP: 54/54 MP: 6/6
  3732 | D:5      | Reached skill level 7 in Ranged Weapons
  3851 | D:5      | Reached ** piety under Hepliaklqana
  3852 | D:5      | Remembered your ancestor Eadburga as a knight
  3897 | D:5      | Reached XP level 8. HP: 63/63 MP: 7/7
  4366 | D:5      | Reached skill level 1 in Invocations
  4458 | D:6      | Reached skill level 8 in Ranged Weapons
  4697 | D:6      | Found a snail-covered altar of Cheibriados.
  4955 | D:7      | Reached skill level 9 in Ranged Weapons
  4955 | D:7      | Reached XP level 9. HP: 39/73 MP: 10/10
  5009 | D:7      | Found a broken altar of Ashenzari.
  5186 | D:7      | Reached skill level 10 in Ranged Weapons
  5512 | D:8      | Identified the +0 scale mail of Gallantry {Harm Dex+2}
  5548 | D:8      | Noticed a green ugly thing
  5548 | D:8      | Noticed a gargoyle
  5564 | D:8      | Killed a gargoyle
  5565 | D:8      | Reached skill level 11 in Ranged Weapons
  5567 | D:8      | Killed a green ugly thing
  5568 | D:8      | Reached skill level 12 in Ranged Weapons
  5785 | D:8      | Noticed a brown ugly thing
  5787 | D:8      | Noticed a four-headed hydra
  5871 | D:8      | Got the Secrets of Oromancy
  6017 | D:8      | Killed a four-headed hydra
  6018 | D:8      | Reached XP level 10. HP: 44/81 MP: 11/11
  6133 | D:8      | Killed a brown ugly thing
  6134 | D:8      | Reached skill level 13 in Ranged Weapons
  6161 | D:9      | Noticed a two-headed ogre
  6173 | D:9      | Killed a two-headed ogre
  6258 | D:9      | Reached skill level 14 in Ranged Weapons
  6263 | D:9      | Reached *** piety under Hepliaklqana
  6307 | D:9      | Found Myemnod's General Store.
  6330 | D:9      | Noticed a centaur warrior
  6349 | D:9      | Killed a centaur warrior
  6368 | D:9      | Reached skill level 15 in Ranged Weapons
  6536 | D:9      | Found a staircase to the Orcish Mines.
  6985 | D:10     | Entered Level 10 of the Dungeon
  7012 | D:10     | Noticed a two-headed ogre
  7017 | D:10     | Killed a two-headed ogre
  7018 | D:10     | Reached XP level 11. HP: 85/85 MP: 12/12
  7089 | D:10     | Reached skill level 16 in Ranged Weapons
  7245 | D:10     | Noticed a death yak
  7260 | D:10     | Killed a death yak
  7283 | D:10     | Found a staircase to the Lair.
  7292 | D:10     | Found a sacrificial altar of Ru.
  7505 | D:10     | Reached **** piety under Hepliaklqana
  7615 | D:11     | Reached skill level 10 in Fighting
  7860 | D:11     | Reached skill level 17 in Ranged Weapons
  7960 | D:11     | Noticed a two-headed ogre
  7979 | D:11     | Slain by a two-headed ogre

Illustrated notes

Levels and vault maps discovered:
D:1:      matt_arrival_refuge, layout_basic
D:2:      layout_loops_ring, wander_ebering_terrifying_dragon_lair
D:3:      minmay_general_purpose_star, layout_rooms, trog_three_pillars_becter,
          nzn_hepliaklqana_mist_gate, due_unseen_surprise
D:4:      cheibrodos_barr_body, layout_basic, minmay_temple_entry_large_hall,
          minivault_19, nrook_mini_vaults
D:5:      layout_cave_pods, minmay_misc_feat_encased, wad_rectangle_vault
D:6:      layout_rooms, mainiacjoe_overflow_alcove_2
D:7:      layout_basic, mainiacjoe_overflow_cross_hatched
D:8:      minmay_tri_box, layout_basic, mainiacjoe_overflow_catch_the_wave
D:9:      layout_irregular_city, erik_orc_3, serial_shops, shop
D:10:     layout_basic, mainiacjoe_overflow_alcove_1, david_lair_generic
D:11:     layout_roguey

Skill      XL: |  1  2  3  4  5  6  7  8  9 10 11 |
---------------+----------------------------------+-----
Stealth        | 1 2 3 |  3.2
Fighting       | 3 4 5 6 8 10 | 10.5
Dodging        | 3 4 |  4.5
Ranged Weapons | 5 6 7 9 12 15 17 | 17.1
Invocations    | 3 |  3.5

Action                     |  1- 3 |  4- 6 |  7- 9 | 10-12 || total
---------------------------+-------+-------+-------+-------++-------
  Melee: Shortbow          |       |     3 |       |       ||     3
   Fire: Shortbow          |    90 |   128 |   275 |   130 ||   623
         Longbow           |       |       |       |   231 ||   231
 Invoke: Ancestor Life: Kn |       |       |     1 |       ||     1
         Recall Ancestor   |       |       |     1 |       ||     1
    Use: Scroll            |     2 |    10 |     7 |     1 ||    20
         Potion            |       |       |     3 |     1 ||     4
 Armour: Leather armour    |     2 |    23 |     8 |       ||    33
         Ring mail         |       |       |     7 |       ||     7
         Scale mail        |       |       |     7 |       ||     7
         Steam dragon scal |       |       |       |    19 ||    19
         Troll leather arm |       |       |       |    12 ||    12
  Dodge: Dodged            |    12 |    38 |    47 |    95 ||   192
